 Dungeon Crawl Stone Soup version 0.28-a0-706-gf6f64a616a (webtiles) character file.

Game seed: 10932737174070817239

36 marklar909 the Skirmisher (level 3, 0/31 HPs)
             Began as a Palentonga Fighter on Oct 25, 2021.
             Slain by an adder (4 damage)
             ... on level 2 of the Dungeon.
             The game lasted 00:00:39 (907 turns).

marklar909 the Skirmisher (Palentonga Fighter)       Turns: 907, Time: 00:00:40

Health: 0/31       AC:  6    Str: 19    XL:     3   Next: 19%
Magic:  3/3        EV:  7    Int:  8    God:
Gold:   39         SH:  4    Dex: 10    Spells: 2/2 levels left

rFire   . . .      SeeInvis +   a - +0 flail
rCold   . . .      Faith    .   c - +0 buckler
rNeg    . . .      Spirit   .   b - +0 scale mail
rPois   .          Reflect  .   (no helmet)
rElec   .          Harm     .   (no cloak)
rCorr   .          Rampage  .   (no gloves)
Will    .....                   (no barding)
Stlth   ..........              (no amulet)
HPRegen 0.10/turn               (no ring)
MPRegen 0.08/turn               (no ring)

@: mighty, brilliant
A: large, rugged brown scales 3, see invisible, deformed body, roll 1, armoured
tail
a: Rolling Charge


You were on level 2 of the Dungeon.
You visited 1 branch of the dungeon, and saw 2 of its levels.

You collected 39 gold pieces.

Inventory:

Hand Weapons
 a - a +0 flail (weapon)
Armour
 b - a +0 scale mail (worn)
 c - a +0 buckler (worn)
Scrolls
 f - 3 scrolls of holy word {unknown}
 h - a scroll of fog {unknown}
Potions
 e - 2 potions of brilliance
 g - a potion of degeneration {unknown}


   Skills:
 + Level 3.3 Fighting
 + Level 2.9 Maces & Flails
 + Level 2.6 Armour
 + Level 0.1 Dodging
 + Level 2.5 Shields


You had 2 spell levels left.
You didn't know any spells.
Your spell library was empty.

Dungeon Overview and Level Annotations

Branches:
Dungeon (2/15)

Altars:

Shops:
D:1 ?


Innate Abilities, Weirdness & Mutations

You are completely covered in rugged brown scales. (AC +3, +7% HP)
You have supernaturally acute eyesight. (SInv)
Armour fits poorly on your strangely shaped body.
You can roll at nearby foes to attack.
You have a long armoured tail.


Message History

Unknown command.
You miss the adder.
Your tail-slap misses the adder.
You feel sick. The adder bites you but does no damage.
You miss the adder.
You feel sick.
The adder bites you but does no damage. x2
You sock the adder!
The adder is almost dead.
You feel sick. The adder barely misses you. You block the adder's attack.
You closely miss the adder.
The adder is severely wounded.
You feel sick.
You are no longer poisoned.
The adder bites you.
* * * LOW HITPOINT WARNING * * *
You miss the adder.
Your tail-slap misses the adder.
The adder is severely wounded.
The adder bites you but does no damage. x2
You miss the adder.
Your tail-slap misses the adder.
The adder is severely wounded.
The adder bites you.
* * * LOW HITPOINT WARNING * * *
The adder completely misses you.
You miss the adder. You tail-slap the adder.
You kill the adder!
The adder bites you but does no damage.
You have reached level 3!
Your experience leads to an increase in your attributes!
Increase (S)trength, (I)ntelligence, or (D)exterity?
You feel agile.
You sock the adder!
The adder is almost dead.
The adder bites you.
* * * LOW HITPOINT WARNING * * *
The adder bites you but does no damage.
It was a potion of brilliance.
You feel clever all of a sudden. The adder bites you but does no damage.
You closely miss the adder.
The adder is almost dead.
You block the adder's attack. The adder bites you.
You die... ########## ......S@<# ##########

You could see an adder.

Vanquished Creatures
  An adder (D:2)
  An endoplasm (D:1)
  2 giant cockroaches (D:1)
  4 goblins (D:1)
  A hobgoblin (D:1)
  3 jackals (D:1)
  2 kobolds (D:1)
  A quokka (D:1)
  A ball python (D:1)
  3 bats (D:1)
  A frilled lizard (D:1)
  3 rats (D:1)
23 creatures vanquished.

Notes
Turn   | Place    | Note
-------+----------+-------------------------------------------
     0 | D:1      | marklar909 the Palentonga Fighter began the quest for the
                  | Orb.
     0 | D:1      | Reached XP level 1. HP: 19/19 MP: 1/1
    31 | D:1      | Found a faded altar of an unknown god.
    46 | D:1      | Found Ifiatyff's Magic Scroll Shoppe.
   183 | D:1      | Reached XP level 2. HP: 21/25 MP: 2/2
   905 | D:2      | Reached XP level 3. HP: 7/31 MP: 3/3
   907 | D:2      | Slain by an adder

Illustrated notes

Levels and vault maps discovered:
D:1:      beargit_arrival_greenhouse, layout_basic, serial_shops, shop,
          ebering_ecumenical_altar_hall
D:2:      layout_basic

Action                   || total
-------------------------++-------
Melee: Flail             ||    68
       Tailslap          ||     5
  Use: Potion            ||     2
Armor: Scale mail        ||    42
Dodge: Dodged            ||    31
Block: Buckler           ||    17

Table legend: (Time is in decaauts)
 A = Elapsed time spent in this place.
 B = Non-inter-level travel time spent in this place.
 C = Inter-level travel time spent in this place.
 D = Time resting spent in this place.
 E = Time spent auto-exploring this place.
 F = Levels seen in this place.
 G = Mean time per level.
                   A        B        C        D        E       F      G
               +--------+--------+--------+--------+--------+-----+--------+
         Total |    925 |    906 |     19 |    132 |    625 |   2 |  462.5 |
       Dungeon |    925 |    906 |     19 |    132 |    625 |   2 |  462.5 |
               +--------+--------+--------+--------+--------+-----+--------+

Top non-repeatable levels by time:
     D:1: 906 daAuts
     D:2: 18 daAuts
